 Dungeon Crawl Stone Soup version 0.29-a0-982-gaed3a0c8d8 (webtiles) character file.

Game seed: 11781905134262945085

45360 leavemydog the Severer (level 14, 0/133 HPs)
             Began as a Hill Orc Fighter on Aug 1, 2022.
             Was a Believer of Uskayaw.
             Slain by Rupert
             ... wielding a +1 vorpal great mace
              (6 damage)
             ... on level 15 of the Dungeon.
             The game lasted 00:38:13 (21464 turns).

leavemydog the Severer (Hill Orc Fighter)          Turns: 21464, Time: 00:38:14

Health: 0/133      AC: 20    Str: 22    XL:     14   Next: 32%
Magic:  18/18      EV: 11    Int: 12    God:    Uskayaw [**....]
Gold:   1263       SH: 16    Dex: 10    Spells: 19/19 levels left

rFire   + . .      SeeInvis +   a - +4 war axe (venom)
rCold   . . .      Faith    .   h - +0 kite shield of Ennui {rF+ Int+2}
rNeg    . . .      Spirit   .   Q - +0 steam dragon scales
rPois   .          Reflect  +   g - +2 hat {Will+}
rElec   .          Harm     .   s - +1 cloak
rCorr   .          Rampage  .   B - +0 pair of gloves
Will    ++...                   F - +2 pair of boots
Stlth   +.........              I - amulet of reflection
HPRegen 0.32/turn               z - +4 ring of protection
MPRegen 0.16/turn               J - ring of see invisible

@: studying Maces & Flails
A: no striking features
a: Renounce Religion, Stomp, Line Pass


You were on level 15 of the Dungeon.
You worshipped Uskayaw.
Uskayaw was noncommittal.
You visited 2 branches of the dungeon, and saw 16 of its levels.

You collected 1263 gold pieces.

Inventory:

Hand Weapons
 a - a +4 war axe of venom (weapon)
 t - a +2 vorpal flail
Missiles
 M - a throwing net (quivered)
Armour
 g - a +2 hat of willpower (worn)
 h - the +0 kite shield of Ennui (worn) {rF+ Int+2}
   (You acquired it on level 7 of the Dungeon)

   Int:       It affects your intelligence (+2).
   rF:        It protects you from fire.
 k - a +1 buckler of poison resistance
 s - a +1 cloak (worn)
 B - a +0 pair of gloves (worn)
 F - a +2 pair of boots (worn)
 Q - +0 steam dragon scales (worn)
Jewellery
 o - a ring of resist corrosion
 y - a ring of flight
 z - a +4 ring of protection (left hand)
 I - an amulet of reflection (around neck)
 J - a ring of see invisible (right hand)
Wands
 b - a wand of polymorph (11)
 r - a wand of charming (15)
 v - a wand of mindburst (28)
 x - a wand of flame (43)
 P - a wand of roots (1)
Scrolls
 c - a scroll of summoning
 d - 2 scrolls of identify
 e - 5 scrolls of magic mapping
 f - a scroll of teleportation
 j - 2 scrolls of fear
 l - a scroll of brand weapon
 n - a scroll of blinking
 p - a scroll of enchant armour
 q - 3 scrolls of immolation
 u - 3 scrolls of amnesia
 K - 2 scrolls of vulnerability
Potions
 i - a potion of resistance
 m - 6 potions of flight
 A - a potion of cancellation
 D - 4 potions of attraction
 G - 3 potions of lignification
 L - 2 potions of mutation
 T - a potion of curing
Miscellaneous
 H - a piece from Xom's chessboard (15/15)
 W - a condenser vane


   Skills:
 + Level 14.5 Fighting
 - Level 16.0(18.2) Axes
 - Level 12.3(14.9) Maces & Flails
 + Level 0.1 Throwing
 * Level 10.9 Armour
 + Level 3.5 Dodging
 + Level 12.5 Shields
 * Level 3.1 Spellcasting
 - Level 3.9 Invocations


You had 19 spell levels left.
You didn't know any spells.
Your spell library contained the following spells:

 Spells                   Type           Power      Damage    Failure   Level
 Beastly Appendage        Tmut           2%         N/A       43%         1
 Freeze                   Ice            4%         1d3       43%         1
 Sting                    Tmut/Pois      4%         1d3       43%         1
 Summon Small Mammal      Summ           4%         N/A       43%         1
 Wereblood                Tmut           1%         N/A       58%         2
 Call Canine Familiar     Summ           1%         N/A       82%         3
 Frozen Ramparts          Ice            2%         1d8       82%         3
 Ignite Poison            Fire/Tmut/Pois 1%         N/A       82%         3
 Ozocubu's Armour         Ice            1%         N/A       82%         3
 Spider Form              Tmut/Pois      1%         N/A       82%         3
 Summon Guardian Golem    Hex/Summ       1%         N/A       82%         3
 Fulminant Prism          Conj/Hex       0%         3d6       99%         4
 Hailstorm                Conj/Ice       1%         3d3       99%         4
 Ice Form                 Ice/Tmut       1%         N/A       99%         4
 Iskenderun's Mystic Bla  Conj/Tloc      1%         2d3       99%         4
 Alistair's Intoxication  Tmut/Pois      0%         N/A       100%        5
 Lee's Rapid Deconstruct  Erth           0%         3d5*      100%        5
 Statue Form              Tmut/Erth      0%         N/A       100%        6


Dungeon Overview and Level Annotations

Branches:
Dungeon (15/15)            Temple (1/1) D:7            Lair (0/5) D:11
    Orc (0/2) D:10         Vaults (0/5) D:13         Depths (0/4) D:15

Altars:
Ashenzari
Cheibriados
Dithmenos
Elyvilon
Fedhas
Gozag
Hepliaklqana
Kikubaaqudgha
Makhleb
Nemelex Xobeh
Okawaru
Qazlal
Ru
Sif Muna
Trog
Uskayaw
Vehumet
Wu Jian
Xom
Yredelemnul
Zin
The Shining One

Shops:
D:4 =   D:13 (

Annotations:
D:5 3 runed translucent doors, asdu's ghost, amateur MeFE
D:15 Rupert


Message History

You slash Rupert!
Rupert looks as sick as possible!
Rupert is moderately wounded.
You block Rupert's attack.
You hit Rupert but do no damage.
Rupert looks as sick as possible!
Rupert is moderately wounded.
You block Rupert's attack.
You slash Rupert!
Rupert looks as sick as possible!
Rupert is heavily wounded.
You block Rupert's attack. x2
You can now pass through a line of other dancers.
You closely miss Rupert.
Rupert is heavily wounded.
You block Rupert's attack.
You hit Rupert.
Rupert looks as sick as possible!
Rupert is heavily wounded.
Rupert hits you with a +1 vorpal great mace!
You barely miss Rupert.
Rupert is heavily wounded.
Rupert misses you.
You slash Rupert!
Rupert looks as sick as possible!
Rupert is heavily wounded.
You block Rupert's attack.
You slash Rupert!
Rupert is heavily wounded.
You block Rupert's attack. x2
You slash Rupert!
Rupert looks as sick as possible!
Rupert is severely wounded.
You block Rupert's attack.
You hit Rupert but do no damage.
Rupert looks as sick as possible!
Rupert is severely wounded.
Rupert hits you with a +1 vorpal great mace!!
You hit Rupert.
Rupert looks as sick as possible!
Rupert is severely wounded.
Rupert hits you with a +1 vorpal great mace!!
* * * LOW HITPOINT WARNING * * *
You barely miss Rupert.
Rupert is severely wounded.
Rupert hits you with a +1 vorpal great mace!!
* * * LOW HITPOINT WARNING * * *
You die...

#..........######
### ##.......#.#
##.....##.#
##...###.# ##.#
#.# #.# #.### #Q#
#...# #@# #...#
#@# ###.#
#.######.##
#.......#.##
####...###.######
#..## ##.....##
#...###.##.....
#....#.....#.##
###...#.######.#
#.....##### #.#


You could see Rupert (berserk, extremely poisoned) and a tengu warrior.

Vanquished Creatures
  Gastronok (D:9)
  Roxanne (D:14)
  Snorg (D:14)
  2 hydras (D:15)
  A jorogumo (shapeshifter) (D:13)
  9 centaur warriors
  A catoblepas (D:13)
  3 boulder beetles
  2 two-headed ogres
  4 tengu warriors (D:15)
  A deep elf knight (D:13)
  2 skeletal warriors
  Amaemon (D:10)
  A wizard (D:14)
  3 deep elf pyromancers
  A phantasmal warrior (D:15)
  A necromancer (D:15)
  2 orc knights
  A deep elf zephyrmancer (D:13)
  6 ugly things
  A frost giant zombie (D:15)
  4 cyclopes
  3 manticores
  A stone giant zombie (D:15)
  An orange demon (D:10)
  2 gargoyles
  3 centaur skeletons (D:13)
  A freezing wraith (D:14)
  An unseen horror (D:11)
  3 yaktaurs (D:14)
  2 komodo dragons
  A kobold demonologist (D:12)
  3 tengu conjurers
  3 meliai (D:14)
  2 hornets
  5 trolls
  6 slime creatures (D:12)
  5 wyverns
  A shadow (D:11)
  A vampire (D:14)
  2 wraiths
  18 yaks
  A basilisk (D:11)
  A steam dragon (D:10)
  Edmund (D:4)
  An acid dragon (D:14)
  5 water moccasins
  Duvessa (D:7)
  2 orc warriors
  2 sky beasts
  3 black bears (D:11)
  2 ogres
  2 wolves (D:11)
  4 boggarts
  14 centaurs
  2 phantoms
  A kobold brigand (D:8)
  2 necrophages
  Blork the orc (D:5)
  2 bullfrogs
  A scorpion (D:4)
  4 wights (D:7)
  Dowan (D:7)
  3 killer bees (D:9)
  An electric eel (D:7)
  A howler monkey (D:12)
  A gnoll bouda (D:9)
  7 hounds
  2 jellies (D:4)
  11 orc priests
  2 iguanas
  Ijyb (D:5)
  15 orc wizards
  Robin (D:4)
  8 gnolls
  4 adders
  A shadow imp (D:7)
  2 white imps
  2 ufetubi (D:4)
  2 worms (D:2)
  5 dart slugs
  65 orcs
  6 endoplasms
  5 giant cockroaches
  9 hobgoblins
  6 jackals
  15 kobolds
  3 quokkas
  7 ball pythons
  A bat (D:2)
  5 frilled lizards
  16 goblins
  11 rats
384 creatures vanquished.

Vanquished Creatures (others)
  A deep elf pyromancer (D:13)
  2 orc wizards (D:15)
  A boggart skeleton (D:13)
  5 fungi (D:11)
  13 plants (D:11)
  11 withered plants (D:15)
33 creatures vanquished.

Grand Total: 417 creatures vanquished

Notes
Turn   | Place    | Note
-------+----------+-------------------------------------------
     0 | D:1      | leavemydog the Hill Orc Fighter began the quest for the
                  | Orb.
     0 | D:1      | Reached XP level 1. HP: 19/19 MP: 1/1
   189 | D:1      | Reached XP level 2. HP: 27/27 MP: 2/2
   191 | D:1      | Reached skill level 3 in Axes
   453 | D:1      | Reached XP level 3. HP: 33/33 MP: 3/3
   792 | D:2      | Noticed an ogre
   804 | D:2      | Killed an ogre
   805 | D:2      | Reached skill level 5 in Axes
   805 | D:2      | Reached XP level 4. HP: 14/40 MP: 4/4
   805 | D:2      | Reached XP level 5. HP: 16/46 MP: 5/5
  1550 | D:2      | Found a faded altar of an unknown god.
  1798 | D:2      | Got Sif Muna's Vellum of Hypothermia
  2350 | D:3      | Reached skill level 6 in Axes
  2350 | D:3      | Reached XP level 6. HP: 41/53 MP: 6/6
  2656 | D:3      | Found an opulent altar of Gozag.
  2737 | D:3      | Reached skill level 7 in Axes
  3115 | D:4      | Noticed Robin
  3137 | D:4      | Killed Robin
  3152 | D:4      | Noticed a water moccasin
  3162 | D:4      | Reached XP level 7. HP: 39/60 MP: 7/7
  3164 | D:4      | Reached skill level 8 in Axes
  3431 | D:4      | Reached skill level 9 in Axes
  3810 | D:4      | Reached skill level 5 in Fighting
  4159 | D:4      | Found Ossocec's Jewellery Boutique.
  4191 | D:5      | Entered Level 5 of the Dungeon
  4192 | D:5      | Noticed Edmund
  4193 | D:5      | Noticed Ijyb
  4210 | D:4      | Killed Edmund
  4211 | D:4      | Reached skill level 5 in Armour
  4211 | D:4      | Reached XP level 8. HP: 25/68 MP: 8/8
  4430 | D:5      | Killed Ijyb
  4431 | D:5      | Reached skill level 10 in Axes
  4565 | D:5      | Found a glowing silver altar of Zin.
  4591 | D:5      | Noticed Blork the orc
  4600 | D:5      | Killed Blork the orc
  4986 | D:5      | Found a runed translucent gate.
  4987 | D:5      | Found a runed translucent gate.
  4987 | D:5      | Noticed asdu's ghost (amateur MeFE)
  4988 | D:5      | Found a runed translucent gate.
  5153 | D:6      | Noticed a yak
  5153 | D:6      | Noticed a yak
  5153 | D:6      | Noticed a yak
  5153 | D:6      | Noticed a yak
  5153 | D:6      | Noticed a yak
  5153 | D:6      | Noticed a yak
  5164 | D:5      | Killed a yak
  5166 | D:5      | Killed a yak
  5167 | D:5      | Reached skill level 11 in Axes
  5617 | D:6      | Found a broken altar of Ashenzari.
  5619 | D:6      | Found an iron altar of Okawaru.
  5709 | D:6      | Killed a yak
  5720 | D:6      | Killed a yak
  5721 | D:6      | Reached skill level 12 in Axes
  5721 | D:6      | Reached XP level 9. HP: 65/75 MP: 9/9
  5847 | D:6      | Found a snail-covered altar of Cheibriados.
  6021 | D:6      | Found a hide-covered altar of Uskayaw.
  6035 | D:6      | Became a worshipper of Uskayaw the Reveller
  6069 | D:6      | Reached * piety under Uskayaw
  6481 | D:6      | Found a burning altar of Makhleb.
  6482 | D:6      | Found a sparkling altar of Nemelex Xobeh.
  6484 | D:6      | Found a glowing golden altar of the Shining One.
  6488 | D:6      | Reached skill level 13 in Axes
  6488 | D:6      | Found a basalt altar of Yredelemnul.
  6489 | D:6      | Found a stormy altar of Qazlal.
  6489 | D:6      | Found a sacrificial altar of Ru.
  6490 | D:6      | Found a shimmering blue altar of Sif Muna.
  6492 | D:6      | Found a hazy altar of Hepliaklqana.
  6495 | D:6      | Found a shimmering altar of Xom.
  6563 | D:7      | Noticed Dowan
  6563 | D:7      | Noticed Duvessa
  6723 | D:7      | Reached ** piety under Uskayaw
  6726 | D:7      | Reached *** piety under Uskayaw
  6768 | D:7      | Identified 2 scrolls of acquirement
  6769 | D:7      | Acquired the +0 kite shield of Ennui {rF+ Int+2}
  6770 | D:7      | Acquired a manual of Maces & Flails
  6826 | D:7      | Killed Duvessa
  6827 | D:7      | Reached skill level 1 in Maces & Flails
  6830 | D:7      | Killed Dowan
  6884 | D:7      | Found a staircase to the Ecumenical Temple.
  6896 | Temple   | Entered the Ecumenical Temple
  7100 | D:7      | Reached **** piety under Uskayaw
  7104 | D:7      | Reached ***** piety under Uskayaw
  7520 | D:7      | Reached skill level 14 in Axes
  7836 | D:8      | Reached XP level 10. HP: 84/84 MP: 10/10
  8012 | D:8      | Identified the +9 sling "Ultimatum" {flame, rC+ rCorr Str+2
                  | Dex+2}
  8065 | D:7      | Reached skill level 1 in Invocations
  8917 | D:9      | Paralysed by a hornet for 1 turns
  8923 | D:9      | Reached skill level 5 in Shields
  9133 | D:9      | Reached skill level 15 in Axes
  9360 | D:9      | Noticed Gastronok
  9386 | D:9      | Killed Gastronok
  9387 | D:9      | Reached skill level 5 in Maces & Flails
  9974 | D:10     | Entered Level 10 of the Dungeon
 10169 | D:10     | Found a staircase to the Orcish Mines.
 10345 | D:10     | Noticed Amaemon
 10350 | D:10     | Noticed an orange demon
 10807 | D:10     | Killed Amaemon
 10808 | D:10     | Reached skill level 16 in Axes
 10808 | D:10     | Reached XP level 11. HP: 82/94 MP: 13/13
 11486 | D:10     | Noticed a centaur warrior
 11499 | D:10     | Killed a centaur warrior
 12323 | D:11     | Found a staircase to the Lair.
 12365 | D:11     | Reached ****** piety under Uskayaw
 12874 | D:11     | Noticed a two-headed ogre
 12881 | D:11     | Killed a two-headed ogre
 13282 | D:11     | Reached skill level 10 in Fighting
 13468 | D:12     | Noticed a cyan ugly thing
 13475 | D:12     | Killed a cyan ugly thing
 13493 | D:12     | Reached XP level 12. HP: 66/106 MP: 14/14
 13754 | D:12     | Reached skill level 10 in Maces & Flails
 13841 | D:12     | Noticed a two-headed ogre
 13847 | D:12     | Killed a two-headed ogre
 14167 | D:12     | You fall into a shaft and drop 2 floors!
 14179 | D:14     | Found a broken altar of Ashenzari.
 14184 | D:14     | Noticed a centaur warrior
 14202 | D:14     | Killed a centaur warrior
 15190 | D:13     | Noticed a jorogumo
 15194 | D:13     | Paralysed by a jorogumo for 2 turns
 15207 | D:13     | Killed a jorogumo
 15602 | D:12     | Noticed a centaur warrior
 15606 | D:12     | Killed a centaur warrior
 15744 | D:12     | Noticed a boulder beetle
 15755 | D:12     | Killed a boulder beetle
 15770 | D:12     | Reached XP level 13. HP: 103/119 MP: 15/15
 16024 | D:13     | Reached skill level 10 in Shields
 17276 | D:13     | Found Pegiush's Firing Range.
 17497 | D:13     | Reached skill level 1 in Dodging
 17497 | D:13     | Reached skill level 1 in Spellcasting
 17540 | D:13     | Found a gate to the Vaults.
 17762 | D:13     | Reached skill level 10 in Armour
 18598 | D:14     | Noticed Snorg
 18613 | D:14     | Killed Snorg
 19172 | D:14     | Identified Roxanne's Commentary on Forms
 19172 | D:14     | Noticed Roxanne
 19595 | D:14     | Killed Roxanne
 19902 | D:15     | Entered Level 15 of the Dungeon
 19902 | D:15     | Noticed Rupert
 20361 | D:15     | Reached XP level 14. HP: 105/132 MP: 17/17
 20941 | D:15     | Found a staircase to the Depths.
 21464 | D:15     | HP: 6/133 [Rupert/+1 vorpal great mace (32)]
 21464 | D:15     | Slain by Rupert

Illustrated notes

Levels and vault maps discovered:
D:1:      nzn_arrival_settlement, layout_basic
D:2:      layout_basic, ebering_ecumenical_altar_rust, guppyfry_early_orc_mine
D:3:      minmay_general_purpose_star, layout_rooms, nicolae_gozag_seed_capital,
          minivault_27, minmay_misc_feat_hallway
D:4:      minmay_recursive_quarters, layout_loops_cross, serial_shops,
          kennysheep_mini, hangedman_minor_gate_pass, uniq_robin
D:5:      layout_cave_pools, lemuel_round_altar, gammafunk_ghost_nasty_kobolds,
          uniq_edmund, uniq_ijyb, uniq_blork_the_orc
D:6:      layout_loops_ring, mainiacjoe_overflow_concentric_impassable,
          minitemple, mainiacjoe_overflow_six_doors_small,
          grunt_temple_overflow_open
D:7:      statuecave_lemuel, layout_basic, minmay_temple_entry_junction,
          uniq_duvessa
D:8:      layout_basic
D:9:      layout_cave_pools, grunt_ogre_cave, uniq_gastronok
D:10:     layout_gridville, hiddenorc2_lemuel, uniq_amaemon
D:11:     layout_roguey, minmay_lair_entry_grove, nicolae_sextant
D:12:     layout_roguey, onia_ninara_dug_in_and_dangerous
D:13:     layout_layer_cave, hangedman_vaults_entry_quadrant_bands,
          nicolae_shop_firing_range
D:14:     layout_big_octagon, nicolae_ashenzari_panopticon, chequers_arboretum,
          nicolae_figureground_sparkle, uniq_roxanne, uniq_snorg
D:15:     gammafunk_depths_entry_grave, layout_loops_ring,
          wad_floor_pattern_untrapped, drop_trap, serial_park_tiny_1,
          uniq_rupert
Temple:   nicolae_temple_superstar

Skill      XL: |  1  2  3  4  5  6  7  8  9 10 11 12 13 14 |
---------------+-------------------------------------------+-----
Axes           | 3 5 6 7 9 12 14 16 | 16.0
Fighting       | 4 5 6 7 10 12 14 | 14.5
Armour         | 4 5 6 7 8 9 10 | 10.9
Shields        | 4 5 7 9 11 12 | 12.5
Maces & Flails | 3 6 9 11 12 | 12.3
Invocations    | 3 |  3.9
Dodging        | 2 3 |  3.5
Spellcasting   | 2 3 |  3.1
Throwing       | |  0.1

Action                   |  1- 3 |  4- 6 |  7- 9 | 10-12 | 13-15 || total
-------------------------+-------+-------+-------+-------+-------++-------
Melee: War axe           |    58 |   144 |   262 |   489 |   346 ||  1299
       Flail             |       |       |       |       |    22 ||    22
Throw: Javelin           |     2 |       |       |       |       ||     2
Invok: Stomp             |       |       |     1 |       |       ||     1
  Use: Scroll            |       |     9 |     6 |    12 |    10 ||    37
       Potion            |       |     4 |     6 |     5 |     3 ||    18
 Stab: Paralysed         |       |       |     5 |    37 |    22 ||    64
Armor: Scale mail        |    19 |    90 |    89 |   101 |       ||   299
       Skin              |       |       |     1 |       |       ||     1
       Steam dragon scal |       |       |       |    83 |   138 ||   221
Dodge: Dodged            |    23 |    63 |    74 |   199 |   112 ||   471
Block: Buckler           |     8 |    32 |    26 |       |       ||    66
       Kite shield       |       |       |    21 |   217 |   255 ||   493
       Reflection        |       |       |       |     3 |    28 ||    31

Table legend: (Time is in decaauts)
 A = Elapsed time spent in this place.
 B = Non-inter-level travel time spent in this place.
 C = Inter-level travel time spent in this place.
 D = Time resting spent in this place.
 E = Time spent auto-exploring this place.
 F = Levels seen in this place.
 G = Mean time per level.
                   A        B        C        D        E       F      G
               +--------+--------+--------+--------+--------+-----+--------+
         Total |  21410 |  20762 |    648 |   6897 |  11070 |  16 | 1338.1 |
       Dungeon |  21270 |  20648 |    622 |   6897 |  10964 |  15 | 1418.0 |
        Temple |    139 |    113 |     26 |      0 |    106 |   1 |  139.0 |
               +--------+--------+--------+--------+--------+-----+--------+

Top non-repeatable levels by time:
    D:13: 3411 daAuts
    D:14: 1989 daAuts
    D:10: 1760 daAuts
     D:9: 1643 daAuts
     D:2: 1465 daAuts
     D:4: 1422 daAuts
    D:11: 1396 daAuts
    D:15: 1304 daAuts
    D:12: 1222 daAuts
     D:6: 1152 daAuts
     D:5: 1130 daAuts
     D:7: 934 daAuts
     D:8: 860 daAuts
     D:3: 828 daAuts
     D:1: 748 daAuts
